 Dungeon Crawl Stone Soup version 0.19-a0-1401-g902f63d (webtiles) character file.

171 Amnesiac the Grave Robber (level 5, -5/28 HPs)
             Began as a Deep Elf Necromancer on Sept 5, 2016.
             Slain by an ogre
             ... wielding a +0 giant club
              (18 damage)
             ... on level 4 of the Dungeon.
             The game lasted 00:05:02 (1641 turns).

Amnesiac the Grave Robber (Deep Elf Necromancer)    Turns: 1641, Time: 00:05:03

Health: -5/28      AC:  2    Str:  5    XL:     5   Next: 26%
Magic:  4/14       EV: 13    Int: 20    God:
Gold:   100        SH:  0    Dex: 16    Spells: 4 memorised, 3 levels left

rFire  . . .     SeeInvis .     (no weapon)
rCold  . . .     Gourm    .     a - +0 robe
rNeg   . . .     Faith    .     (no shield)
rPois  .         Spirit   .     (no helmet)
rElec  .         Dismiss  .     (no cloak)
rCorr  +         Reflect  .     (no gloves)
MR     .....     Harm     .     (no boots)
Stlth  ++........               (no amulet)
                                (no ring)
                                g - ring of resist corrosion

@: no status effects
A: no striking features
a: no special abilities


You were on level 4 of the Dungeon.
You were hungry.

You visited 1 branch of the dungeon, and saw 4 of its levels.

You collected 100 gold pieces.

Inventory:

Armour
 a - a +0 robe (worn)
Jewellery
 g - a ring of resist corrosion (left hand)
Scrolls
 f - a scroll of magic mapping {unknown}
 i - a scroll of amnesia {unknown}
 k - 3 scrolls of fear {unknown}
 m - a scroll of enchant armour {unknown}
 n - 3 scrolls of remove curse {unknown}
 o - a scroll of immolation {unknown}
 p - a scroll of identify {unknown}
Potions
 e - a potion of might {unknown}
 h - a potion of lignification {unknown}
 j - 3 potions of curing
Books
 b - a book of Necromancy

   Spells                             Type                      Level
   a - Pain                           Necromancy                   1
   b - Animate Skeleton               Necromancy                   1
   c - Vampiric Draining              Necromancy                   3
   d - Regeneration                   Charms/Necromancy            3
   e - Animate Dead                   Necromancy                   4
   f - Control Undead                 Necromancy                   4
Comestibles
 c - 3 bread rations
 d - a meat ration
 l - 2 chunks of flesh
 q - a beef jerky


   Skills:
 - Level 2.4 Dodging
 - Level 2.4 Stealth
 + Level 5.4 Spellcasting
 + Level 6.7 Necromancy


You had 3 spell levels left.
You knew the following spells:

 Your Spells              Type           Power        Failure   Level  Hunger
a - Control Undead        Necr           ####......   10%         4    ####...
f - Vampiric Draining     Necr           ####......   1%          3    ##.....
r - Regeneration          Chrm/Necr      ###.......   10%         3    ##.....
z - Pain                  Necr           ####         1%          1    None


Dungeon Overview and Level Annotations

Branches:
Dungeon (4/15)
 Temple: D:4-7

Altars:
Xom

Annotations:
D:4 Ishikai's ghost, amateur DsGl


Message History

Anything else - Cancel.
Gang up on whom?
Press: ? - help, Dir - move target cursor, f/p - phantom
Aim: a phantom (heavily damaged) Attack!
The phantom blinks!
Ishikai's ghost hits the phantom.
Ishikai's ghost barely misses the phantom.
An ogre comes into view. It is wielding a giant club.
Ishikai's ghost closely misses the phantom.
The phantom blinks!
Casting: Control Undead
Confirm with . or Enter, or press ? or * to list all spells.
Aiming: Vampiric Draining
Press: ? - help, Shift-Dir - straight line, f - ogre, p - phantom
Aim: an ogre, wielding a giant club The ogre is moderately wounded.
You feel life coursing into your body.
The phantom hits Ishikai's ghost.
The phantom blinks!
The ogre hits you with a giant club!!
Ouch! That really hurt!
You die...

########### #.........#
###.........##
####............#
...............#####
...................######
####...........(@........
#.#..÷<..W.W##O.#####
#.#....§...§....#
#.#.........##..#
#.#########.##..# #.#
#.##..# ####.# #.....#
.....# #.##... ######
#.###.##


You could see a phantom, an ogre and the friendly Ishikai's ghost.

Vanquished Creatures
  A hound (D:3)
  An orc wizard (D:3)
  Jessica (D:3)
  A worker ant (D:4)
  An adder (D:3)
  A worm (D:3)
  A dart slug (D:3)
  5 giant geckos
  3 orcs (D:3)
  A ball python (D:4)
  4 goblins
  A hobgoblin (D:1)
  6 jackals
  3 kobolds
  2 quokkas
  4 giant newts
  5 rats
41 creatures vanquished.

Vanquished Creatures (collateral kills)
  A rat (D:4)
1 creature vanquished.

Grand Total: 42 creatures vanquished

Notes
Turn   | Place    | Note
-------+----------+-------------------------------------------
     0 | D:1      | Amnesiac the Deep Elf Necromancer began the quest for the Orb.
     0 | D:1      | Reached XP level 1. HP: 10/10 MP: 6/6
    60 | D:1      | Found a shimmering altar of Xom.
    72 | D:1      | Reached skill level 5 in Necromancy
   402 | D:2      | Reached XP level 2. HP: 15/15 MP: 6/8
   576 | D:3      | Noticed Jessica
   697 | D:3      | Reached XP level 3. HP: 17/19 MP: 7/10
   739 | D:3      | Learned a level 3 spell: Vampiric Draining
   835 | D:3      | Learned a level 3 spell: Regeneration
   925 | D:3      | Killed Jessica
   925 | D:3      | Reached skill level 6 in Necromancy
   925 | D:3      | Reached XP level 4. HP: 20/24 MP: 7/12
  1119 | D:4      | Reached skill level 5 in Spellcasting
  1259 | D:4      | Noticed Ishikai's ghost (amateur DsGl)
  1294 | D:3      | Reached XP level 5. HP: 15/28 MP: 4/14
  1613 | D:3      | Learned a level 4 spell: Control Undead
  1619 | D:4      | Noticed a phantom
  1638 | D:4      | Noticed an ogre
  1641 | D:4      | Slain by an ogre

Vault maps used:
D:1:      roderic_crossed_star, xom_teletrap_fun
D:2:      minmay_overflow_temple_hex, serial_glass, glass_columns_b,
          glass_columns_a
D:3:      uniq_jessica
D:4:      first_bread, hex_medium

Skill      XL: |  1  2  3  4 |
---------------+-------------+-----
Necromancy     | 5 6 |  6.7
Spellcasting   | 4 5 |  5.4
Dodging        | |  2.4
Stealth        | |  2.4

Action                   |  1- 3 |  4- 6 || total
-------------------------+-------+-------++-------
Melee: Unarmed           |     1 |     9 ||    10
 Cast: Pain              |    51 |    27 ||    78
       Vampiric Draining |     2 |     5 ||     7
       Control Undead    |       |     2 ||     2
       Regeneration      |       |     2 ||     2
  Use: Potion            |     1 |       ||     1
  Eat: Chunk             |       |     2 ||     2
Armor: Robe              |       |     2 ||     2
Dodge: Dodged            |     2 |    15 ||    17
